General information
- name: BNet
- type: Ladder team game (AT/RT)
- host: Battle.net
- saver: HaraldFoss
map: FullScaleAssault
- players: 8
- length: 23:07
- speed: Fast
- version: 1.26 W3XP
- replay type: Public
» download(139 KB)
Players
team 1 (winner)
invaderzim (
yellow | 25 APM | 28 actions | 01:07)
» actions
| Build / train | 2 | |
| Enter build submenu | 3 | |
| Right click | 11 | |
| Select / deselect | 9 | |
| Use ability | 3 | |
28 total
» units
» buildings
| Altar of Kings | 1 | |
| Barracks | 1 | |
| Farm | 1 | |
3 total
» build order
00:12 Altar of Kings
00:19 Barracks
00:30 Farm
HaraldFoss (
red | 90 APM | 2073 actions | 23:07)
7 Mountain King
3 Storm Bolt
3 Thunder Clap
1 Avatar
» actions
| Assign group hotkey | 86 | |
| Basic commands | 76 | |
| Build / train | 166 | |
| ESC pressed | 9 | |
| Enter build submenu | 39 | |
| Enter hero's abilities submenu | 7 | |
| Give item / drop item | 1 | |
| Right click | 568 | |
| Select / deselect | 360 | |
| Select group hotkey | 591 | |
| Use ability | 170 | |
2073 total
» units
| Peasant | 29 | |
| Footman | 7 | |
| Goblin Zeppelin | 12 | |
| Goblin Shredder | 2 | |
| Gryphon Rider | 7 | |
| Dragonhawk Rider | 2 | |
| Knight | 1 | |
60 total
» upgrades
| Spiked Barricades | 1 | |
| Masonry | 3 | |
| Lumber Harvesting | 2 | |
| Swords | 3 | |
| Storm Hammers | 1 | |
| Animal War Training | 1 | |
| Armor | 3 | |
| Cloud | 1 | |
15 total
» buildings
| War Mill | 1 | |
| Farm | 7 | |
| Town Hall | 2 | |
| Scout Tower | 21 | |
| Watch Tower | 5 | |
| Arcane Tower | 3 | |
| Altar of Kings | 1 | |
| Barracks | 1 | |
| Lumber Mill | 1 | |
| Guard Tower | 39 | |
| Keep | 3 | |
| Arcane Vault | 1 | |
| Blacksmith | 1 | |
| Castle | 2 | |
| Gryphon Aviary | 2 | |
90 total
» build order
01:52 War Mill
01:59 Farm
02:01 Farm
02:09 Town Hall
02:57 Scout Tower
03:13 Watch Tower
03:14 Watch Tower
03:30 Arcane Tower
03:30 Arcane Tower
04:26 Altar of Kings
04:56 Barracks
05:04 Lumber Mill
05:16 Watch Tower
05:18 Watch Tower
05:19 Watch Tower
05:44 Scout Tower
05:50 Scout Tower
06:03 Scout Tower
06:05 Scout Tower
06:09 Scout Tower
06:11 Scout Tower
06:14 Guard Tower
06:14 Guard Tower
06:14 Guard Tower
06:20 Guard Tower
06:21 Guard Tower
06:31 Guard Tower
06:31 Guard Tower
06:32 Guard Tower
06:32 Guard Tower
06:32 Guard Tower
06:42 Guard Tower
06:42 Guard Tower
06:42 Guard Tower
07:07 Keep
07:07 Keep
07:14 Arcane Vault
07:41 Farm
07:43 Farm
09:04 Scout Tower
09:18 Farm
09:21 Farm
09:30 Blacksmith
09:43 Castle
09:43 Castle
10:09 Guard Tower
11:01 Gryphon Aviary
11:02 Gryphon Aviary
11:44 Farm
12:07 Scout Tower
13:03 Guard Tower
13:04 Guard Tower
13:04 Guard Tower
15:48 Town Hall
15:49 Scout Tower
15:50 Scout Tower
15:51 Scout Tower
15:53 Scout Tower
15:54 Scout Tower
15:56 Scout Tower
15:58 Scout Tower
16:00 Scout Tower
16:01 Scout Tower
16:02 Scout Tower
16:03 Scout Tower
16:04 Scout Tower
16:25 Guard Tower
16:49 Guard Tower
16:49 Guard Tower
16:49 Guard Tower
16:50 Guard Tower
16:50 Guard Tower
17:24 Guard Tower
17:24 Guard Tower
18:14 Guard Tower
» items
| Scroll of Regeneration | 3 | |
| Lesser Clarity Potion | 1 | |
| Boots of Speed | 1 | |
| Scroll of Town Portal | 2 | |
| Staff of Teleportation | 1 | |
8 total

»
TeamPlayer (
purple | 32 APM | 629 actions | 19:23)
3 Blademaster
1 Wind Walk
2 Critical Strike
3 Mountain King
2 Storm Bolt
1 Bash
» actions
| Assign group hotkey | 4 | |
| Build / train | 79 | |
| ESC pressed | 9 | |
| Enter build submenu | 27 | |
| Enter hero's abilities submenu | 6 | |
| Give item / drop item | 1 | |
| Right click | 133 | |
| Select / deselect | 174 | |
| Select group hotkey | 89 | |
| Use ability | 107 | |
629 total
» units
| Peon | 13 | |
| Peasant | 24 | |
| Goblin Shredder | 1 | |
| Troll Batrider | 5 | |
43 total
» upgrades
| Masonry | 3 | |
| Swords | 2 | |
| Plating | 2 | |
| Reinforced Defenses | 1 | |
| Ranged Weapons | 1 | |
| Lumber Harvesting | 2 | |
| Liquid Fire | 1 | |
| Animal War Training | 1 | |
13 total
» buildings
| Altar of Storms | 1 | |
| Orc Burrow | 3 | |
| Voodoo Lounge | 1 | |
| Farm | 1 | |
| War Mill | 1 | |
| Lumber Mill | 1 | |
| Blacksmith | 1 | |
| Stronghold | 1 | |
| Watch Tower | 17 | |
| Keep | 1 | |
| Fortress | 1 | |
| Castle | 1 | |
| Beastiary | 3 | |
| Scout Tower | 6 | |
| Guard Tower | 4 | |
| Great Hall | 1 | |
| Barracks | 1 | |
45 total
» build order
00:20 Altar of Storms
00:33 Orc Burrow
01:45 Voodoo Lounge
02:22 Farm
02:37 War Mill
02:59 Lumber Mill
03:03 Blacksmith
04:17 Stronghold
04:23 Watch Tower
04:26 Watch Tower
04:29 Watch Tower
04:30 Watch Tower
06:10 Keep
07:05 Fortress
08:00 Watch Tower
09:33 Castle
10:14 Watch Tower
10:15 Watch Tower
10:28 Beastiary
10:35 Beastiary
10:37 Beastiary
11:31 Watch Tower
11:37 Watch Tower
12:50 Orc Burrow
12:53 Orc Burrow
13:19 Watch Tower
13:20 Watch Tower
13:33 Scout Tower
13:34 Scout Tower
13:34 Scout Tower
13:35 Scout Tower
13:37 Scout Tower
13:38 Scout Tower
14:09 Watch Tower
14:09 Watch Tower
14:11 Watch Tower
14:14 Guard Tower
14:31 Guard Tower
14:39 Watch Tower
14:51 Great Hall
15:05 Watch Tower
15:14 Guard Tower
16:42 Guard Tower
16:50 Barracks
17:12 Watch Tower
» items
| Healing Salve | 2 | |
| Lesser Clarity Potion | 2 | |
| Orb of Lightning | 2 | |
| Potion of Healing | 1 | |
7 total
team 2 (loser)
warrrrrrrrrrrrr (
green | 148 APM | 3147 actions | 21:13)
2 Far Seer
1 Feral Spirit
1 Chain Lighting
2 Tauren Chieftain
1 Endurance Aura
1 Shockwave
» actions
| Assign group hotkey | 24 | |
| Basic commands | 4 | |
| Build / train | 66 | |
| Enter build submenu | 14 | |
| Enter hero's abilities submenu | 4 | |
| Give item / drop item | 1 | |
| Remove unit from queue | 2 | |
| Right click | 1051 | |
| Select / deselect | 452 | |
| Select group hotkey | 1458 | |
| Use ability | 71 | |
3147 total
» units
| Peon | 10 | |
| Grunt | 5 | |
| Spirit Walker | 6 | |
| Tauren | 5 | |
| Troll Witch Doctor | 1 | |
27 total
» upgrades
| Spirit Walker Training | 2 | |
| Pulverize | 1 | |
| Armor | 1 | |
| Melee Weapons | 1 | |
5 total
» buildings
| Altar of Storms | 1 | |
| Orc Burrow | 6 | |
| Barracks | 1 | |
| Voodoo Lounge | 1 | |
| Stronghold | 1 | |
| War Mill | 1 | |
| Fortress | 2 | |
| Spirit Lodge | 1 | |
| Tauren Totem | 1 | |
15 total
» build order
00:08 Altar of Storms
00:18 Orc Burrow
00:30 Barracks
01:30 Voodoo Lounge
01:50 Orc Burrow
03:21 Stronghold
04:10 Orc Burrow
04:48 War Mill
06:01 Fortress
06:21 Spirit Lodge
08:45 Tauren Totem
08:55 Orc Burrow
10:13 Orc Burrow
11:19 Orc Burrow
» items
| Healing Salve | 6 | |
| Lesser Clarity Potion | 3 | |
| Scroll of Town Portal | 6 | |
| Orb of Lightning | 1 | |
| Potion of Lesser Invulnerability | 1 | |
| Circlet of Nobility | 1 | |
| Ivory Tower | 4 | |
| Scroll of Regeneration | 1 | |
23 total
GuillermoMoreno (
teal | 63 APM | 1432 actions | 22:47)
5 Mountain King
3 Storm Bolt
2 Bash
3 Paladin
2 Holy Light
1 Divine Shield
1 Pandaren Brewmaster
1 Breath of Fire
» actions
| Assign group hotkey | 28 | |
| Basic commands | 236 | |
| Build / train | 64 | |
| Enter build submenu | 15 | |
| Enter hero's abilities submenu | 9 | |
| Give item / drop item | 7 | |
| Remove unit from queue | 4 | |
| Right click | 276 | |
| Select / deselect | 234 | |
| Select group hotkey | 456 | |
| Use ability | 103 | |
1432 total
» units
| Peasant | 12 | |
| Rifleman | 6 | |
| Giant Sea Turtle | 1 | |
| Makrura Deepseer | 1 | |
| Makrura Snapper | 1 | |
| Blue Drake | 1 | |
| Gryphon Rider | 7 | |
29 total
» upgrades
| Gunpowder | 1 | |
| Long Rifles | 1 | |
| Armor | 2 | |
| Storm Hammers | 1 | |
| Swords | 2 | |
7 total
» buildings
| Lumber Mill | 2 | |
| Altar of Kings | 1 | |
| Farm | 12 | |
| Barracks | 1 | |
| Blacksmith | 1 | |
| Arcane Vault | 1 | |
| Keep | 1 | |
| Castle | 1 | |
| Gryphon Aviary | 2 | |
22 total
» build order
00:08 Lumber Mill
00:37 Altar of Kings
00:50 Farm
00:52 Farm
01:31 Barracks
01:52 Blacksmith
01:57 Farm
02:59 Arcane Vault
03:53 Keep
04:13 Farm
04:14 Farm
06:33 Castle
06:36 Gryphon Aviary
06:36 Gryphon Aviary
07:20 Farm
07:20 Farm
12:02 Farm
12:02 Farm
12:02 Farm
12:03 Farm
12:08 Lumber Mill
13:53 Farm
» items
| Scroll of Regeneration | 1 | |
| Lesser Clarity Potion | 1 | |
| Circlet of Nobility | 1 | |
| Periapt of Vitality | 1 | |
| Scroll of Town Portal | 1 | |
5 total
HUMANPORK (
orange | 43 APM | 989 actions | 23:00)
5 Archmage
3 Summon Water Elemental
2 Brilliance Aura
» actions
| Assign group hotkey | 17 | |
| Basic commands | 11 | |
| Build / train | 67 | |
| Enter build submenu | 44 | |
| Enter hero's abilities submenu | 5 | |
| Give item / drop item | 2 | |
| Right click | 342 | |
| Select / deselect | 303 | |
| Select group hotkey | 110 | |
| Use ability | 87 | |
989 total
» units
| Peasant | 22 | |
| Footman | 5 | |
| Goblin Shredder | 1 | |
| Goblin Zeppelin | 3 | |
| Blue Dragon | 4 | |
35 total
» upgrades
| Masonry | 3 | |
| Swords | 3 | |
| Armor | 3 | |
| Cloud | 1 | |
| Storm Hammers | 1 | |
| Animal War Training | 1 | |
12 total
» buildings
| Altar of Kings | 1 | |
| Barracks | 1 | |
| Farm | 5 | |
| Keep | 1 | |
| Town Hall | 5 | |
| Arcane Vault | 1 | |
| Lumber Mill | 2 | |
| Castle | 1 | |
| Scout Tower | 27 | |
| Gryphon Aviary | 4 | |
| Guard Tower | 10 | |
| Blacksmith | 3 | |
61 total
» build order
00:36 Altar of Kings
00:38 Barracks
00:50 Farm
00:52 Farm
01:05 Farm
01:37 Farm
03:49 Keep
03:59 Town Hall
04:45 Arcane Vault
04:48 Lumber Mill
06:28 Farm
07:29 Castle
08:33 Town Hall
08:37 Scout Tower
08:37 Scout Tower
08:38 Scout Tower
08:38 Scout Tower
08:48 Gryphon Aviary
08:49 Gryphon Aviary
08:53 Gryphon Aviary
08:55 Gryphon Aviary
11:57 Guard Tower
13:34 Town Hall
13:37 Scout Tower
13:37 Scout Tower
13:38 Scout Tower
13:38 Scout Tower
14:28 Guard Tower
14:32 Blacksmith
14:33 Blacksmith
14:38 Blacksmith
14:58 Town Hall
15:01 Scout Tower
15:01 Scout Tower
15:02 Scout Tower
15:03 Scout Tower
15:42 Guard Tower
16:25 Lumber Mill
16:34 Scout Tower
16:35 Scout Tower
16:36 Scout Tower
16:37 Scout Tower
16:41 Scout Tower
16:42 Scout Tower
16:43 Scout Tower
17:02 Town Hall
17:05 Scout Tower
17:05 Scout Tower
17:05 Scout Tower
17:06 Scout Tower
17:07 Scout Tower
17:08 Scout Tower
17:08 Scout Tower
17:08 Scout Tower
17:31 Guard Tower
17:51 Guard Tower
17:57 Guard Tower
17:59 Guard Tower
18:35 Guard Tower
19:04 Guard Tower
19:10 Guard Tower
» items
N1PPLE_TWISTER. (
pink | 50 APM | 1147 actions | 23:03)
7 Archmage
3 Summon Water Elemental
3 Brilliance Aura
1 Blizzard
» actions
| Assign group hotkey | 41 | |
| Basic commands | 24 | |
| Build / train | 66 | |
| Enter build submenu | 16 | |
| Enter hero's abilities submenu | 6 | |
| Give item / drop item | 4 | |
| Remove unit from queue | 2 | |
| Right click | 396 | |
| Select / deselect | 165 | |
| Select group hotkey | 358 | |
| Use ability | 69 | |
1147 total
» units
| Peasant | 10 | |
| Dragonhawk Rider | 11 | |
21 total
» upgrades
| Swords | 3 | |
| Lumber Harvesting | 2 | |
| Cloud | 1 | |
| Armor | 3 | |
| Animal War Training | 1 | |
10 total
» buildings
| Altar of Kings | 1 | |
| Farm | 9 | |
| Keep | 1 | |
| Arcane Vault | 3 | |
| Blacksmith | 1 | |
| Lumber Mill | 1 | |
| Castle | 2 | |
| Gryphon Aviary | 3 | |
| Barracks | 1 | |
| Arcane Tower | 1 | |
23 total
» build order
00:10 Altar of Kings
00:21 Farm
01:01 Farm
02:06 Keep
02:17 Farm
02:23 Arcane Vault
02:28 Blacksmith
02:38 Lumber Mill
04:27 Castle
04:28 Castle
04:40 Gryphon Aviary
04:59 Gryphon Aviary
05:04 Farm
05:05 Farm
05:06 Farm
05:06 Farm
05:06 Farm
06:36 Gryphon Aviary
12:03 Barracks
12:54 Arcane Tower
15:05 Arcane Vault
15:09 Arcane Vault
» items
| Staff of Teleportation | 1 | |
| Scroll of Regeneration | 4 | |
| Potion of Healing | 1 | |
| Ivory Tower | 1 | |
| Tiny Great Hall | 1 | |
| Scroll of Town Portal | 1 | |
| Potion of Invisibility | 1 | |
| Tome of Retraining | 1 | |
11 total
Chat log
(00:11 / All) HUMANPORK: I knew a girl with a dog named grr
(00:21 / All) invaderzim: lol
(00:26 / All) N1PPLE_TWISTER.: was she hot
(00:33 / All) HUMANPORK: She was average
(00:47 / All) HUMANPORK: Invader Zim raised a generation of spazzes
(00:50 / All) N1PPLE_TWISTER.: god dammit
(00:51 / Allies) HaraldFoss: He's mine
(00:53 / Allies) HaraldFoss: my expo
(01:05 / Allies) TeamPlayer: k
(01:07 / All) HUMANPORK: lawls
(01:11 / All) N1PPLE_TWISTER.: newg?
(03:12 / Allies) TeamPlayer: i got yello
(03:27 / Allies) HaraldFoss: Thanks for moving it asshole
(03:35 / All) HaraldFoss: Asshole purple took my hero away
(04:01 / All) HaraldFoss: Dumbass
(05:11 / All) HUMANPORK: Teal is that your real name
(05:20 / All) GuillermoMoreno: wht
(05:21 / All) N1PPLE_TWISTER.: he is spaniard
(05:30 / All) N1PPLE_TWISTER.: MAXIMUS MAXIMUS MAXIMUS MAXIMUS MAXIMUS MAXIMUS MAXIMUS MAXIMUS MAXIMUS MAXIMUS
(06:12 / All) N1PPLE_TWISTER.: CAN MIDDLE dragons be shackled?
(06:51 / All) HUMANPORK: I wish I had a Spaniard name
(07:15 / All) HUMANPORK: not a beaner Mexican name but a real honest to god BONA FIDE Spaniard cognomen
(09:02 / All) HUMANPORK: watch out
(09:05 / All) HUMANPORK: green is a master ruseman
(14:50 / All) GuillermoMoreno: lol red
(14:55 / All) HaraldFoss: They lived, bitch
(15:01 / All) GuillermoMoreno: saw
(15:16 / All) GuillermoMoreno: useless
(17:12 / All) HaraldFoss: Not 1 unit lost, bitch
(17:59 / All) HaraldFoss: TeamPlayer is having to control half his team
(18:36 / Allies) TeamPlayer: some plz red
(18:44 / Allies) HaraldFoss: Fuck you, I need my gold
(18:47 / Allies) HaraldFoss: I don't have much
(19:14 / Allies) TeamPlayer: red gold
(19:19 / Allies) HaraldFoss: I said fuck off
(19:28 / All) HUMANPORK: worst path finding ever
(19:32 / All) HaraldFoss: He left when I told him to fuck off when he begged for gold
(19:33 / All) HUMANPORK: wanted to return teh gold to the isladn expo lawl
(19:34 / All) HaraldFoss: I don't have much
(19:59 / All) HUMANPORK: this game is retarded
(20:04 / All) N1PPLE_TWISTER.: yeap
(20:19 / All) HaraldFoss: BURROW RAPE!
(20:50 / All) N1PPLE_TWISTER.: he tped with tauren LOL
(20:51 / All) HUMANPORK: It's not looking good for green
(21:13 / All) HaraldFoss: FREE XP EVERYWHERE!
(21:15 / All) HUMANPORK: did you spaz the tp scroll
(21:17 / All) HaraldFoss: CHRISTMAS CAME EARLY!
(21:30 / All) N1PPLE_TWISTER.: should we helpe green?
(22:20 / All) N1PPLE_TWISTER.: VIVA LA MIGRA
(22:25 / All) N1PPLE_TWISTER.: VIVA LA MIGGRAAA
(22:51 / All) HUMANPORK: lullz
(22:58 / All) N1PPLE_TWISTER.: WORST game ever?
(22:59 / All) HUMANPORK: complete shit game